 Dungeon Crawl Stone Soup version 0.23-a0-619-g281719c (webtiles) character file.

70 Lavandula the Cutter (level 4, -5/27 HPs)
             Began as a Halfling Enchanter on Dec 22, 2018.
             Slain by Menkaure (15 damage)
             ... on level 2 of the Dungeon.
             The game lasted 00:04:18 (980 turns).

Lavandula the Cutter (Halfling Enchanter)            Turns: 980, Time: 00:04:19

Health: -5/27      AC:  2    Str:  9    XL:     4   Next: 44%
Magic:  1/6        EV: 15    Int: 14    God:
Gold:   17         SH:  0    Dex: 14    Spells: 0/6 levels left

rFire    . . .     SeeInvis .   a - +1 dagger
rCold    . . .     Gourm    .   (shield restricted)
rNeg     . . .     Faith    .   b - +0 robe
rPois    .         Spirit   .   (no helmet)
rElec    .         Reflect  .   (no cloak)
rCorr    .         Harm     .   (no gloves)
MR       .....                  (no boots)
Stlth    ++........             (no amulet)
HPRegen  0.09/turn              c - ring of wizardry
MPRegen  0.10/turn              (no ring)

@: no status effects
A: small, mutation resistance 1
a: no special abilities


You were on level 2 of the Dungeon.
You were hungry.

You visited 1 branch of the dungeon, and saw 2 of its levels.

You collected 17 gold pieces.

Inventory:

Hand Weapons
 a - a +1 dagger (weapon)
 j - a +0 hunting sling
Missiles
 k - 43 stones (quivered)
Armour
 b - a +0 robe (worn)
Jewellery
 c - a ring of wizardry (left hand)
 i - an uncursed amulet of magic regeneration {unknown}
Scrolls
 e - a scroll of teleportation {unknown}
 f - a scroll of remove curse {unknown}
 g - a scroll of identify {unknown}
 l - a scroll of enchant weapon {unknown}
Potions
 h - a potion of degeneration {unknown}
Comestibles
 d - 3 rations
 m - a chunk of flesh


   Skills:
 + Level 4.8 Short Blades
 - Level 2.1 Dodging
 - Level 3.2 Stealth
 - Level 1.5 Spellcasting
 - Level 2.4 Hexes


You couldn't memorise any spells.
You knew the following spells:

 Your Spells              Type           Power        Failure   Level  Hunger
a - Corona                Hex            #......      4%          1    ##.....
b - Ensorcelled Hibernat  Hex/Ice        #.....       9%          2    ###....
c - Confuse               Hex            #.......     12%         3    ####...

Your spell library contained the following spells:

 Spells                   Type           Power        Failure   Level  Hunger
 Tukima's Dance           Hex            #.......     12%         3    ####...
 Dazzling Spray           Conj/Hex       #.....       17%         3    ####...


Dungeon Overview and Level Annotations

Branches:
Dungeon (2/15)

Altars:
Kikubaaqudgha
Qazlal
Yredelemnul

Annotations:
D:2 Menkaure


Innate Abilities, Weirdness & Mutations

You are small and have problems with some larger weapons.
You are somewhat resistant to further mutation.


Message History

Menkaure is severely damaged.
Menkaure seems less confused.
Menkaure hits you!
You hit Menkaure but do no damage.
Menkaure is severely damaged.
Menkaure calls on the powers of darkness!
Your body is wracked with pain!
Casting: Confuse (safe; 12% risk of failure)
Confirm with . or Enter, or press ? or * to list all spells.
Aiming: Confuse (safe; 12% risk of failure)
Press: ? - help, Shift-Dir - straight line, f/p - Menkaure
Aim: Menkaure (severely damaged, fast, chance to defeat MR: 38%) Menkaure appears confused.
You are feeling hungry.
Menkaure says, "I'm a little confused."
Menkaure barely misses you.
You completely miss Menkaure.
Menkaure is severely damaged.
Menkaure hits you!
Ouch! That really hurt!
You die...

#....).......................####
#....................#....#.### #
#.............................###
#......................#.##....##
.....................###.###.....
.....................###..##.....
..................©.......######.
............#############.#...##.
............#©.$@?⌠)_$).#.....##.
............#...M.......#........
...........#.(##...##..#........
..........#..#8...8#..#........
.........#..##...##:.#........
.##......#.....©.....#........
#....#.#..##...##..#........
#...##.#..#8...8#..#........ #...
#.#..##...##..#.##..<..


You could see Menkaure (confused).

Vanquished Creatures
  A hound (D:2)
  An adder (D:2)
  2 worms (D:2)
  2 dart slugs
  2 giant cockroaches (D:1)
  A goblin (D:2)
  3 hobgoblins (D:1)
  A kobold (D:1)
  4 bats
  4 rats (D:1)
21 creatures vanquished.

Notes
Turn   | Place    | Note
-------+----------+-------------------------------------------
     0 | D:1      | Lavandula the Halfling Enchanter began the quest for the
                  | Orb.
     0 | D:1      | Reached XP level 1. HP: 11/11 MP: 3/3
    73 | D:1      | Reached skill level 2 in Short Blades
    73 | D:1      | Reached XP level 2. HP: 17/17 MP: 4/4
   158 | D:1      | Learned a level 2 spell: Ensorcelled Hibernation
   450 | D:2      | Found a transporter.
   452 | D:2      | Reached skill level 3 in Short Blades
   460 | D:2      | Reached XP level 3. HP: 21/21 MP: 0/5
   525 | D:2      | Found a basalt altar of Yredelemnul.
   527 | D:2      | Noticed Menkaure
   542 | D:2      | Found a transporter.
   568 | D:2      | Found an ancient bone altar of Kikubaaqudgha.
   656 | D:2      | Found a stormy altar of Qazlal.
   849 | D:2      | Reached skill level 4 in Short Blades
   860 | D:2      | Reached XP level 4. HP: 18/27 MP: 0/6
   900 | D:2      | Learned a level 3 spell: Confuse
   980 | D:2      | Slain by Menkaure

Vault maps used:
D:1:      giann_bridges, minmay_box_of_dots
D:2:      gammafunk_temple_of_torment, overflow_temple_1_default,
          nicolae_overflow_crystal_walls

Skill      XL: |  1  2  3 |
---------------+----------+-----
Short Blades   | 2 3 4 |  4.8
Dodging        | |  2.1
Stealth        | |  3.2
Spellcasting   | |  1.5
Hexes          | |  2.4

Action                   |  1- 3 |  4- 6 || total
-------------------------+-------+-------++-------
Melee: Dagger            |    77 |     9 ||    86
 Cast: Corona            |     9 |       ||     9
       Ensorcelled Hiber |     8 |       ||     8
       Confuse           |       |     3 ||     3
 Stab: Sleeping          |     8 |       ||     8
       Distracted        |     1 |       ||     1
       Confused          |       |     1 ||     1
  Eat: Chunk             |       |     1 ||     1
Armor: Robe              |     7 |       ||     7
Dodge: Dodged            |    49 |     3 ||    52

Table legend:
 A = Non-vault XP
 B = Vault XP
 C = Vault XP percentage of total XP
 D = Non-vault monster count
 E = Vault monster count
 F = Vault count percentage of total count
                 A         B        C        D         E       F
            +---------+---------+-------+---------+---------+-------
      Total |     100 |       0 |   0.0 |      21 |       0 |   0.0
            +---------+---------+-------+---------+---------+-------
        D:1 |      21 |       0 |   0.0 |      12 |       0 |   0.0
        D:2 |      79 |       0 |   0.0 |       9 |       0 |   0.0
            +---------+---------+-------+---------+---------+-------
